APP
PHILADELPHIA (APP) PHILLIES @ KINGSPORT METS
10/12/2047
 
TOP OF THE 1ST
Miami (APP) Marlins batting - Pitching for Danville Braves : LHP Chris Scaggs
Pitching: LHP Chris Scaggs
Batting: RHB Lu Tieh 0-0: Ball
1-0: Ball
2-0: Ball
3-0: Called Strike
3-1: Foul Ball, location: 2F
3-2: Foul Ball, location: 2F
3-2: Strikes out swinging
Batting: RHB Ben Jezak 0-0: Ball
1-0: Ground out 5-3 (Groundball, 5, EV 108.1 MPH)
Batting: RHB Kurt Wagner 0-0: Called Strike
0-1: Ball
1-1: Ball
2-1: Swinging Strike
2-2: Ball
3-2: Strikes out swinging
Top of the 1st over - 0 runs, 0 hits, 0 errors, 0 left on base; Miami (APP) 0 - Danville 0
BOTTOM OF THE 1ST
Danville Braves batting - Pitching for Miami (APP) Marlins : RHP Cesar Guerrero
Pitching: RHP Cesar Guerrero
Batting: RHB Jerry Delgado 0-0: Ground out 3-1 (Groundball, 34, EV 87.5 MPH)
Batting: LHB Chiaki Tanouye 0-0: Called Strike
0-1: Swinging Strike
0-2: Strikes out swinging
Batting: RHB Josh Swartzentruber 0-0: Called Strike
0-1: Called Strike
0-2: Strikes out swinging
Bottom of the 1st over - 0 runs, 0 hits, 0 errors, 0 left on base; Miami (APP) 0 - Danville 0
TOP OF THE 2ND
Miami (APP) Marlins batting - Pitching for Danville Braves : LHP Chris Scaggs
Batting: LHB Tom Wleklinski 0-0: Called Strike
0-1: Swinging Strike
0-2: Strikes out swinging
Batting: RHB Mario Navarro 0-0: Ground out 4-3 (Groundball, 4M, EV 89.4 MPH)
Batting: RHB Nate Stephenson 0-0: Ball
1-0: Ball
2-0: Foul Ball, location: 2F
2-1: TRIPLE (Flyball, 8LXD, EV 101.3 MPH)
Batting: LHB D.J. White 0-0: Called Strike
0-1: Ground out U3 (Groundball, 34, EV 80.0 MPH)
Top of the 2nd over - 0 runs, 1 hit, 0 errors, 1 left on base; Miami (APP) 0 - Danville 0
BOTTOM OF THE 2ND
Danville Braves batting - Pitching for Miami (APP) Marlins : RHP Cesar Guerrero
Batting: LHB Diego Muniz 0-0: Called Strike
0-1: Foul Ball, location: 2F
0-2: Strikes out swinging
Batting: RHB Antonio Arguello 0-0: Ball
1-0: Ball
2-0: Fly out, F9 (Flyball, 89S, EV 95.0 MPH)
Batting: RHB Vinny Vasquez 0-0: Ball
1-0: Ball
2-0: Ball
3-0: Called Strike
3-1: Base on Balls
Batting: RHB Alain Dufour 0-0: Ball
1-0: Ball
2-0: Swinging Strike
2-1: Called Strike
2-2: Ball
3-2: Foul Ball, location: 2F
3-2: Base on Balls
Vinny Vasquez to second
Batting: LHB Chris Scaggs 0-0: Fly out, F9 (Flyball, 9, EV 81.3 MPH)
Bottom of the 2nd over - 0 runs, 0 hits, 0 errors, 2 left on base; Miami (APP) 0 - Danville 0
TOP OF THE 3RD
Miami (APP) Marlins batting - Pitching for Danville Braves : LHP Chris Scaggs
Batting: RHB Ryan Mason 0-0: Ball
1-0: Called Strike
1-1: Ball
2-1: Ball
3-1: Called Strike
3-2: Foul Ball, location: 2F
3-2: Fly out, F3 (Popup, 3S, EV 70.0 MPH)
Batting: RHB Cesar Guerrero 0-0: Ball
1-0: Ball
2-0: Ball
3-0: Called Strike
3-1: Base on Balls
Batting: RHB Lu Tieh 0-0: Ball
1-0: Reached on error, E6 (Groundball, 6, EV 105.6 MPH)
Cesar Guerrero to second
Batting: RHB Ben Jezak 0-0: Swinging Strike
0-1: Ball
1-1: Ball
2-1: Fly out, F8 (Flyball, 8LM, EV 86.9 MPH)
Batting: RHB Kurt Wagner 0-0: Ball
1-0: Called Strike
1-1: Ball
2-1: Ground out 3-1 (Groundball, 34S, EV 93.1 MPH)
Top of the 3rd over - 0 runs, 0 hits, 1 error, 2 left on base; Miami (APP) 0 - Danville 0
BOTTOM OF THE 3RD
Danville Braves batting - Pitching for Miami (APP) Marlins : RHP Cesar Guerrero
Batting: SHB Tirta Subandrio 0-0: Called Strike
0-1: Ball
1-1: Swinging Strike
1-2: Strikes out looking
Batting: RHB Jerry Delgado 0-0: Ball
1-0: Called Strike
1-1: Swinging Strike
1-2: Strikes out looking
Batting: LHB Chiaki Tanouye 0-0: Swinging Strike
0-1: Fly out, F8 (Line Drive, 8RD, EV 93.8 MPH)
Bottom of the 3rd over - 0 runs, 0 hits, 0 errors, 0 left on base; Miami (APP) 0 - Danville 0
TOP OF THE 4TH
Miami (APP) Marlins batting - Pitching for Danville Braves : LHP Chris Scaggs
Batting: LHB Tom Wleklinski 0-0: Foul Ball, location: 2F
0-1: Foul Ball, location: 2F
0-2: Ball
1-2: Ground out 4-3 (Groundball, 34, EV 106.3 MPH)
Batting: RHB Mario Navarro 0-0: Foul Ball, location: 2F
0-1: Called Strike
0-2: Ball
1-2: Strikes out swinging
Batting: RHB Nate Stephenson 0-0: Called Strike
0-1: Foul Ball, location: 2F
0-2: Foul Ball, location: 2F
0-2: Strikes out swinging
Top of the 4th over - 0 runs, 0 hits, 0 errors, 0 left on base; Miami (APP) 0 - Danville 0
BOTTOM OF THE 4TH
Danville Braves batting - Pitching for Miami (APP) Marlins : RHP Cesar Guerrero
Batting: RHB Josh Swartzentruber 0-0: Fly out, F8 (Flyball, 8LS, EV 89.4 MPH)
Batting: LHB Diego Muniz 0-0: Ball
1-0: Called Strike
1-1: Ball
2-1: Called Strike
2-2: Ball
3-2: Base on Balls
Batting: RHB Antonio Arguello 0-0: Ball
Diego Muniz steals 2nd base
1-0: SINGLE (Flyball, 6MD, EV 96.9 MPH)
Diego Muniz to third
Batting: RHB Vinny Vasquez 0-0: Swinging Strike
0-1: Foul Ball, location: 2F
0-2: Strikes out swinging
Batting: RHB Alain Dufour 0-0: Ball
1-0: Foul Ball, location: 2F
1-1: Foul Ball, location: 2F
1-2: Foul Ball, location: 2F
1-2: Foul Ball, location: 2F
1-2: Ball
2-2: Ball
3-2: Foul Ball, location: 2F
3-2: Strikes out swinging
Bottom of the 4th over - 0 runs, 1 hit, 0 errors, 2 left on base; Miami (APP) 0 - Danville 0
TOP OF THE 5TH
Miami (APP) Marlins batting - Pitching for Danville Braves : LHP Chris Scaggs
Batting: LHB D.J. White 0-0: Called Strike
0-1: Ground out 5-3 (Groundball, 56S, EV 72.5 MPH)
Batting: RHB Ryan Mason 0-0: Ground out 6-3 (Groundball, 6, EV 85.0 MPH)
Batting: RHB Cesar Guerrero 0-0: Ground out 6-3 (Groundball, 56, EV 106.3 MPH)
Top of the 5th over - 0 runs, 0 hits, 0 errors, 0 left on base; Miami (APP) 0 - Danville 0
BOTTOM OF THE 5TH
Danville Braves batting - Pitching for Miami (APP) Marlins : RHP Cesar Guerrero
Batting: LHB Chris Scaggs 0-0: Ball
1-0: Swinging Strike
1-1: Ball
2-1: SINGLE (Line Drive, 56D, EV 101.9 MPH)
Batting: SHB Tirta Subandrio 0-0: Foul Ball, location: 2F
0-1: Swinging Strike
0-2: Strikes out swinging
Batting: RHB Jerry Delgado 0-0: Called Strike
0-1: Ball
1-1: Foul Ball, location: 2F
1-2: DOUBLE (Line Drive, 89M, EV 97.5 MPH)
Chris Scaggs to third
Runner from 3rd tries for Home, SAFE, throw by RF to trailing runner, SAFE at third!
Batting: LHB Chiaki Tanouye 0-0: Ball
1-0: Ground out 4-3 (Groundball, 4, EV 104.4 MPH)
Jerry Delgado scores
Batting: RHB Josh Swartzentruber 0-0: Called Strike
0-1: Called Strike
0-2: Foul Ball, location: 2F
0-2: Fly out, F7 (Flyball, 7, EV 91.3 MPH)
Bottom of the 5th over - 2 runs, 2 hits, 0 errors, 0 left on base; Miami (APP) 0 - Danville 2
TOP OF THE 6TH
Miami (APP) Marlins batting - Pitching for Danville Braves : LHP Chris Scaggs
Batting: RHB Lu Tieh 0-0: Ball
1-0: Swinging Strike
1-1: Ball
2-1: Foul Ball, location: 2F
2-2: Strikes out swinging
Batting: RHB Ben Jezak 0-0: Ball
1-0: Called Strike
1-1: Called Strike
1-2: Strikes out swinging
Batting: RHB Kurt Wagner 0-0: Ball
1-0: Ball
2-0: Swinging Strike
2-1: Foul Ball, location: 2F
2-2: Strikes out looking
Top of the 6th over - 0 runs, 0 hits, 0 errors, 0 left on base; Miami (APP) 0 - Danville 2
BOTTOM OF THE 6TH
Danville Braves batting - Pitching for Miami (APP) Marlins : RHP Cesar Guerrero
Batting: LHB Diego Muniz 0-0: Ball
1-0: Ball
2-0: Swinging Strike
2-1: Called Strike
2-2: Strikes out swinging
Batting: RHB Antonio Arguello 0-0: Ball
1-0: Ball
2-0: Called Strike
2-1: Ball
3-1: Swinging Strike
3-2: Ground out 6-3 (Groundball, 6M, EV 76.9 MPH)
Batting: RHB Vinny Vasquez 0-0: Called Strike
0-1: Ball
1-1: Ball
2-1: Foul Ball, location: 2F
2-2: Ball
3-2: Foul Ball, location: 2F
3-2: Fly out, F9 (Line Drive, 9D, EV 96.9 MPH)
Bottom of the 6th over - 0 runs, 0 hits, 0 errors, 0 left on base; Miami (APP) 0 - Danville 2
TOP OF THE 7TH
Miami (APP) Marlins batting - Pitching for Danville Braves : LHP Chris Scaggs
Batting: LHB Tom Wleklinski 0-0: Ground out U3 (Groundball, 34, EV 96.3 MPH)
Batting: RHB Mario Navarro 0-0: Ball
1-0: Ball
2-0: Called Strike
2-1: Foul Ball, location: 2F
2-2: Ball
3-2: Strikes out swinging
Batting: RHB Nate Stephenson 0-0: Swinging Strike
0-1: Ground out 4-3 (Groundball, 4, EV 85.6 MPH)
Top of the 7th over - 0 runs, 0 hits, 0 errors, 0 left on base; Miami (APP) 0 - Danville 2
BOTTOM OF THE 7TH
Danville Braves batting - Pitching for Miami (APP) Marlins : RHP Cesar Guerrero
Pitching: RHP Ted Payne
Batting: RHB Alain Dufour 0-0: Foul Ball, location: 2F
0-1: Ball
1-1: Foul Ball, location: 2F
1-2: Ball
2-2: Ball
3-2: Base on Balls
Batting: LHB Chris Scaggs 0-0: Ball
1-0: Bunted foul
1-1: Bunted foul
1-2: Bunted foul, Strikeout!
Batting: SHB Tirta Subandrio 0-0: Called Strike
0-1: Foul Ball, location: 2F
0-2: Ball
1-2: Fielders Choice at 2nd, 4-6 (Groundball, 4MD, EV 83.1 MPH)
Batting: RHB Jerry Delgado 0-0: Hit by Pitch
Tirta Subandrio to second
Batting: LHB Chiaki Tanouye 0-0: Ball
1-0: Called Strike
1-1: Ball
Wild Pitch!
Tirta Subandrio to third
Jerry Delgado to second
2-1: Ball
3-1: Swinging Strike
3-2: Ground out U3 (Groundball, 34, EV 100.0 MPH)
Bottom of the 7th over - 0 runs, 0 hits, 0 errors, 2 left on base; Miami (APP) 0 - Danville 2
TOP OF THE 8TH
Miami (APP) Marlins batting - Pitching for Danville Braves : LHP Chris Scaggs
Batting: LHB D.J. White 0-0: Called Strike
0-1: Foul Ball, location: 2F
0-2: Ball
1-2: Fly out, F8 (Line Drive, 8RM, EV 88.1 MPH)
Batting: RHB Ryan Mason 0-0: Swinging Strike
0-1: Swinging Strike
0-2: Ball
1-2: Foul Ball, location: 2F
1-2: Ball
2-2: Ball
3-2: Foul Ball, location: 2F
3-2: Base on Balls
Pinch Hitting: SHB Matt Altieri 0-0: Foul Ball, location: 2F
0-1: Foul Ball, location: 2F
0-2: Foul Ball, location: 2F
0-2: Ball
1-2: Strikes out swinging
Batting: RHB Lu Tieh 0-0: Called Strike
0-1: Ball
1-1: Fly out, F3 (Popup, 3S, EV 76.9 MPH)
Top of the 8th over - 0 runs, 0 hits, 0 errors, 1 left on base; Miami (APP) 0 - Danville 2
BOTTOM OF THE 8TH
Danville Braves batting - Pitching for Miami (APP) Marlins : RHP Ted Payne
Pitching: RHP Ju-ao Wa
Batting: RHB Josh Swartzentruber 0-0: Ball
1-0: Swinging Strike
1-1: Ball
2-1: Swinging Strike
2-2: Strikes out looking
Batting: LHB Diego Muniz 0-0: Ball
1-0: Ball
2-0: Ball
3-0: Called Strike
3-1: Foul Ball, location: 2F
3-2: SINGLE (Groundball, 3D, EV 108.8 MPH)
Pitching: RHP Chia-kang Chuko
Batting: RHB Antonio Arguello 0-0: Ball
1-0: Ball
2-0: Foul Ball, location: 2F
2-1: Swinging Strike
2-2: Ball
Diego Muniz steals 2nd base
3-2: SINGLE (Groundball, 6D, EV 107.5 MPH)
Diego Muniz to third
Runner from 3rd tries for Home, SAFE, no throw by LF
Pitching: RHP Tim Mills
Batting: RHB Vinny Vasquez 0-0: Called Strike
0-1: Foul Ball, location: 2F
0-2: Foul Ball, location: 2F
0-2: Ball
1-2: Fly out, F7 (Flyball, 78XD, EV 81.9 MPH)
Batting: RHB Alain Dufour 0-0: Ball
1-0: Called Strike
1-1: Swinging Strike
1-2: Strikes out looking
Bottom of the 8th over - 1 run, 2 hits, 0 errors, 1 left on base; Miami (APP) 0 - Danville 3
TOP OF THE 9TH
Miami (APP) Marlins batting - Pitching for Danville Braves : LHP Chris Scaggs
Pitching: LHP Jorge Segarra
Now at 2B: Jacob Simmons
Batting: RHB Ben Jezak 0-0: Ball
1-0: Foul Ball, location: 2F
1-1: Swinging Strike
1-2: Ground out 5-3 (Groundball, 56S, EV 60.0 MPH)
Batting: RHB Kurt Wagner 0-0: Swinging Strike
0-1: Swinging Strike
0-2: Strikes out swinging
Batting: LHB Tom Wleklinski 0-0: Ball
1-0: SINGLE (Line Drive, 8RS, EV 88.8 MPH)
Batting: RHB Mario Navarro 0-0: SINGLE (Line Drive, 78M, EV 101.3 MPH)
Tom Wleklinski to second
Pinch Hitting: RHB Mike Rutter 0-0: Ball
1-0: Fielders Choice at 2nd, 6-4 (Groundball, 6, EV 93.8 MPH)
Top of the 9th over - 0 runs, 2 hits, 0 errors, 2 left on base; Miami (APP) 0 - Danville 3
Thursday, December 15th , 2022 - OOTP Baseball 23.9 Build 102